 Dungeon Crawl Stone Soup version 0.31-a0-1074-g0b22e4e0f1 (webtiles) character file.

Game seed: 11535156090823602682

23121 Jeffwins the Summoner (level 13, -15/63 HPs)
             Began as a Vine Stalker Summoner on Dec 2, 2023.
             Was an Elder of Vehumet.
             Hit by a large rock thrown by a stone giant (46 damage)
             ... in a volcano.
             The game lasted 00:31:26 (12533 turns).

Jeffwins the Summoner (Vine Stalker Summoner)      Turns: 12533, Time: 00:31:27

Health: -15/63     AC:  7    Str: 10    XL:     13   Next: 4%
Magic:  0/35       EV: 12    Int: 19    God:    Vehumet [****..]
Gold:   790        SH:  5    Dex: 17    Spells: 4/28 levels left

rFire   + . .        c - +1 dagger (venom)
rCold   . . .        x - +0 buckler
rNeg    . . .        l - +2 robe {Will+}
rPois   .            J - +2 hat
rElec   .            z - scarf {repulsion}
rCorr   .            g - +0 pair of gloves
SInv    .            (no boots)
Will    ++...        (no amulet)
Stlth   ++++         f - ring of protection from fire
HPRegen 1.10/turn    W - ring of magical power
MPRegen 0.24/turn

%: repel missiles, guardian spirit
@: no status effects
A: fangs 3, regeneration 1, magic shield, antimagic bite, no potion heal 2
a: Renounce Religion


You were in a volcano.
You worshipped Vehumet.
Vehumet was greatly pleased with you.
You visited 3 branches of the dungeon, and saw 15 of its levels.
You also visited: Volcano.

You collected 934 gold pieces.
You spent 144 gold pieces at shops.


Innate Abilities, Weirdness & Mutations

You have razor-sharp teeth.
Your natural rate of healing is unusually fast.
When hurt, damage is shared between your health and your magic reserves.
Your bite disrupts and absorbs the magic of your enemies.
Potions cannot restore your health.


   Skills:
 + Level 4.6 Fighting
 * Level 5.9 Short Blades
 - Level 2.0 Dodging
 + Level 7.0 Stealth
 + Level 3.6 Shields
 * Level 8.2 Spellcasting
 * Level 5.8 Conjurations
 * Level 8.7 Summonings
 * Level 5.0 Translocations
 * Level 6.5 Transmutations
 * Level 6.3 Fire Magic
 * Level 5.2 Earth Magic
 * Level 6.6 Poison Magic
 + Level 2.7 Evocations


You had 4 spell levels left.
You knew the following spells:

 Your Spells              Type           Power      Damage    Failure   Level
a - Call Canine Familiar  Summ           41%        N/A       1%          3
c - Ignite Poison         Fire/Tmut/Pois 32%        N/A       1%          3
f - Summon Small Mammal   Summ           100%       N/A       1%          1
l - Lee's Rapid Deconstr  Erth           13%        3d9*      11%         5
s - Call Imp              Summ           82%        N/A       1%          2
t - Summon Forest         Summ/Tloc      16%        N/A       21%         5
x - Stone Arrow           Conj/Erth      56%        3d10      1%          3
I - Blink                 Tloc           52%        N/A       2%          2

Your spell library contained the following spells:

 Spells                   Type           Power      Damage    Failure   Level
 Flame Wave               Conj/Fire      30%        2d9       3%          4
 Momentum Strike          Conj/Tloc      56%        3d9       1%          2
 Wereblood                Tmut           32%        N/A       1%          2
 Lesser Beckoning         Tloc           52%        N/A       2%          2
 Hailstorm                Conj/Ice       18%        3d6       3%          3
 Summon Guardian Golem    Hex/Summ       24%        N/A       6%          3
 Summon Ice Beast         Ice/Summ       24%        N/A       21%         4
 Summon Lightning Spire   Summ/Air       24%        N/A       21%         4
 Leda's Liquefaction      Hex/Erth       8%         N/A       38%         4
 Anguish                  Hex/Necr       3%         N/A       77%         4
 Cause Fear               Hex            3%         N/A       77%         4
 Irradiate                Conj/Tmut      15%        3d16      8%          5
 Bombard                  Conj/Erth      14%        9d3       45%         6
 Simulacrum               Ice/Necr       3%         N/A       100%        6
 Enfeeble                 Hex            3%         N/A       100%        7

Inventory:

Hand Weapons
 c - a +1 dagger of venom (weapon)
 I - a +3 dagger of freezing
 N - a +4 dagger
Missiles
 h - 35 poisoned darts (quivered)
Armour
 e - a +1 leather armour of cold resistance
 g - a +0 pair of gloves (worn)
 l - a +2 robe of willpower (worn)
 x - a +0 buckler (worn)
 z - a scarf of repulsion (worn)
 B - a +0 robe of fire resistance
 J - a +2 hat (worn)
 Q - a +2 ring mail of fire resistance
Magical Staves
 y - a staff of fire
 O - a staff of cold
Jewellery
 f - a ring of protection from fire (left hand)
 C - a ring of ice
 F - a ring of protection from fire
 R - a ring of resist corrosion
 W - a ring of magical power (right hand)
 X - a +6 ring of dexterity
Talismans
 v - a serpent talisman
 M - a flux talisman
Wands
 i - a wand of flame (16)
 s - a wand of mindburst (7)
 E - a wand of light (1)
 K - a wand of charming (12)
Scrolls
 d - 4 scrolls of fog {unknown}
 n - 2 scrolls of revelation
 o - a scroll of fear
 p - 4 scrolls of teleportation {@r4}
 r - a scroll of enchant armour
 w - 3 scrolls of poison {unknown}
 L - 2 scrolls of immolation {!r}
 U - a scroll of amnesia
 V - a scroll of enchant weapon
Potions
 a - 3 potions of attraction {!q}
 b - 4 potions of magic
 j - 5 potions of heal wounds {unknown}
 m - a potion of cancellation {unknown}
 q - a potion of might {unknown}
 u - 6 potions of curing {@q1}
 D - a potion of experience {unknown}
 G - a potion of resistance {unknown}
 H - 4 potions of haste {unknown}
 S - a potion of mutation {unknown}
 T - 4 potions of enlightenment {unknown}

Dungeon Overview and Level Annotations

Branches:
Dungeon (12/15)            Temple (1/1) D:7            Lair (2/5) D:11
 Spider (0/4) Lair:2          Orc (0/2) D:10        Volcano (1/1)
  Swamp: Lair:2-3    Shoals: Lair:2-3

Altars:
Ashenzari
Cheibriados
Dithmenos
Elyvilon
Fedhas
Gozag
Hepliaklqana
Kikubaaqudgha
Makhleb
Nemelex Xobeh
Okawaru
Qazlal
Ru
Sif Muna
Trog
Uskayaw
Vehumet
Wu Jian
Xom
Yredelemnul
Zin
The Shining One

Shops:
D:7 : D:9

* ##.......§.
##...§§≈≈≈≈≈≈....#
##...§§§≈§§≈§≈≈......
##....≈§§§§§§§≈≈≈≈....
#....≈≈§≈§§§≈≈≈§§....#
#....≈≈§§≈§§≈≈≈§§§....
####....§≈≈≈§≈≈§≈≈§§....#
##.........≈≈§≈≈.≈........
#####...#..#.@.....C9.......#
##.#....######..###..#.....##
##.....≈≈§≈☼≈##### ######.###
#.∩....≈≈§§☼## .)∩
#.....≈≈≈≈≈≈# .C.[.
##≈§§§.≈≈≈§## .§$).#
#≈§§≈§≈≈≈### ≈§$≈≈.#
#≈§≈§§§≈## §§§§≈## ##≈§≈≈###
§§§≈##


You could see a stone giant and a gargoyle.


Message History

Fragment what (e.g. wall or brittle monster)?: a gargoyle, wielding a +0 morningstar (dormant)
The gargoyle shatters!
The gargoyle is heavily damaged.
You hear a shout!
Unknown command.
Casting: Lee's Rapid Deconstruction (quite dangerous; 11% risk of failure)
Confirm with . or Enter, or press ? or * to list all spells.
Aiming: Lee's Rapid Deconstruction (quite dangerous; 11% risk of failure)
Press: ? - help, Dir - move target, f/p - gargoyle Fragment what (e.g. wall or brittle monster)?: a gargoyle, wielding a +0 morningstar (heavily damaged)
The gargoyle shatters!!
You blow up the gargoyle!
Vehumet accepts your kill.
Your Translocations skill increases to level 5!
Unknown command.
A stone giant and a gargoyle come into view.
Found 54 gold pieces and a murky red potion.
The stone giant throws a large rock.
The large rock hits you!!!
Ouch! That really hurt!
* * * LOW HITPOINT WARNING * * *
Aiming: Mindburst
Press: ? - help, Shift-Dir - straight line, f - stone giant
Aim: a stone giant, quivering large rocks (lightly wounded, chance to affect: 25%)
Okay, then.
Okay, then.
Okay, then.
The stone giant throws a large rock.
You block the large rock.
The stone giant throws a large rock.
The large rock hits you!!!
Ouch! That really hurt!
You die...

Skill      XL: |  1  2  3  4  5  6  7  8  9 10 11 12 13 |
---------------+----------------------------------------+-----
Fighting       | 1 2 3 4 |  4.6
Stealth        | 3 4 5 6 7 |  7.0
Dodging        | 2 |  2.0
Spellcasting   | 3 4 5 6 7 8 |  8.2
Summonings     | 5 6 7 8 |  8.7
Poison Magic   | 1 2 3 4 5 6 |  6.6
Transmutations | 2 3 4 5 6 |  6.5
Fire Magic     | 2 3 4 5 6 |  6.3
Short Blades   | 2 3 4 5 |  5.9
Shields        | 1 2 3 |  3.6
Conjurations   | 2 3 4 5 |  5.8
Earth Magic    | 2 3 4 5 |  5.2
Evocations     | 1 2 |  2.7
Translocations | 2 3 4 5 |  5.0

Action                     |  1- 3 |  4- 6 |  7- 9 | 10-12 | 13-15 || total
---------------------------+-------+-------+-------+-------+-------++-------
  Melee: Unarmed           |   109 |       |       |       |       ||   109
         Bite              |    25 |    34 |    88 |   201 |     1 ||   349
         Punch             |     3 |     1 |     2 |       |       ||     6
         Flail             |    24 |    19 |       |       |       ||    43
         Dagger            |       |    90 |   219 |   502 |     7 ||   818
  Throw: Dart              |       |       |     3 |     8 |       ||    11
   Cast: Summon Small Mamm |     5 |       |       |       |       ||     5
         Call Imp          |       |     7 |     4 |     9 |       ||    20
         Call Canine Famil |       |     3 |     4 |    11 |       ||    18
         Ignite Poison     |       |     1 |     6 |    68 |     1 ||    76
         Stone Arrow       |       |       |     5 |    42 |       ||    47
         Summon Forest     |       |       |       |     6 |       ||     6
         Blink             |       |       |       |     5 |       ||     5
         Lee's Rapid Decon |       |       |       |       |     5 ||     5
  Evoke: Wand              |       |       |     6 |    13 |       ||    19
    Use: Potion            |     3 |     3 |       |       |       ||     6
         Scroll            |       |       |       |    12 |       ||    12
   Stab: Invisible         |     2 |       |       |       |       ||     2
         Sleeping          |     1 |     8 |     9 |    25 |       ||    43
         Distracted        |       |     1 |       |     3 |       ||     4
         Betrayed ally     |       |       |       |     1 |       ||     1
 Armour: Leather armour    |    80 |     3 |       |       |       ||    83
         Robe              |    17 |    56 |   131 |   347 |     5 ||   556
         Skin              |       |    12 |       |       |       ||    12
  Dodge: Dodged            |   110 |    69 |   137 |   287 |       ||   603
         Repelled          |       |       |     1 |     4 |       ||     5
  Block: Buckler           |       |       |       |   154 |     1 ||   155

Levels and vault maps discovered:
D:1:      elethiomel_arrival_shortcut, layout_rooms, kennysheep_pointless_box
D:2:      cheibrodos_fertilizer, layout_loops_ring, serial_bayou,
          serial_bayou_shore_b, serial_bayou_shore_a, serial_bayou_lake_a,
          serial_bayou_shore_b, hangedman_glass_teeth,
          hangedman_decor_diamond_cutter, uniq_terence, uniq_sigmund
D:3:      layout_rooms, hellmonk_ecumenical_altar_pennies_from_heaven
D:4:      layout_rooms, bloody_makhleb, uniq_natasha
D:5:      layout_basic, nemelex_spade_bored_becter, lemuel_round_altar,
          uniq_duvessa
D:6:      layout_rooms, nicolae_gozag_seed_capital, st_stairs_14,
          serial_park_tiny_1, chequers_serial_rivers_large_b
D:7:      layout_layer_cave, lemuel_round_altar, temple_fountains,
          serial_undead, serial_undead_c, serial_undead_e, serial_undead_b,
          serial_undead_b, nicolae_shop_i_like_small_books_too, minivault_25
D:8:      layout_basic, mainiacjoe_overflow_surrounded_room,
          mainiacjoe_overflow_boulevard, uniq_maurice, uniq_joseph
D:9:      layout_roguey, mainiacjoe_overflow_chevrons,
          nicolae_shop_sticking_my_neck_out
D:10:     layout_roguey, nicolae_tso_carved_into_rock, hiddenorc2_lemuel,
          serial_bayou, serial_bayou_ford_a, serial_bayou_crossing,
          serial_bayou_pond_c, serial_bayou_pond_e, st_stairs_5,
          minmay_microvault
D:11:     layout_gridville, david_lair_generic, minmay_misc_feat_diagonals
D:12:     layout_loops_ring
Temple:   compressed_dpeg_triangle_lava_temple
Lair:1:   layout_hall_layers, grunt_megastairs_2
Lair:2:   layout_misc_corridors, spider_nest_entry_web_field,
          portal_ice_cave_rime, lightli_volcano_entry_magma_tube
Volcano:  volcano_pools

Notes
Turn   | Place    | Note
-------+----------+-------------------------------------------
     0 | D:1      | Jeffwins the Vine Stalker Summoner began the quest for the
                  | Orb.
     0 | D:1      | Reached XP level 1. HP: 9/9 MP: 4/4
   285 | D:1      | Reached XP level 2. HP: 13/13 MP: 6/6
   567 | D:2      | Noticed Terence
   603 | D:2      | HP: 1/14 [Terence/+0 flail (5)]
   650 | D:2      | Killed Terence
   651 | D:2      | Reached XP level 3. HP: 9/17 MP: 0/8
   821 | D:2      | Reached skill level 1 in Fighting
   821 | D:2      | Reached skill level 3 in Stealth
   828 | D:2      | Learned a level 2 spell: Call Imp
   832 | D:2      | Learned a level 3 spell: Call Canine Familiar
   845 | D:2      | Reached XP level 4. HP: 22/22 MP: 9/9
   912 | D:2      | Noticed Sigmund
   945 | D:2      | Killed Sigmund
   946 | D:2      | Reached skill level 2 in Dodging
   946 | D:2      | Reached skill level 3 in Spellcasting
   946 | D:2      | Reached skill level 5 in Summonings
   946 | D:2      | Reached XP level 5. HP: 26/26 MP: 4/11
  1272 | D:2      | HP: 2/26 [poisoned by a kobold]
  1332 | D:2      | Found a bloodstained altar of Trog.
  1332 | D:2      | Found a sparkling altar of Nemelex Xobeh.
  1332 | D:2      | Found a blossoming altar of Fedhas.
  1332 | D:2      | Found an iron altar of Okawaru.
  1332 | D:2      | Found a shimmering altar of Xom.
  1332 | D:2      | Found a sacrificial altar of Ru.
  1334 | D:2      | Reached XP level 6. HP: 30/30 MP: 12/12
  1427 | D:2      | Reached skill level 2 in Fighting
  1427 | D:2      | Reached skill level 4 in Spellcasting
  1931 | D:3      | Got Roxanne's Cyclopedia of Mutagenic Erosion
  1936 | D:3      | Learned a level 3 spell: Ignite Poison
  2221 | D:3      | Found a faded altar of an unknown god.
  2577 | D:4      | Found a burning altar of Makhleb.
  2583 | D:4      | Noticed a black bear
  2591 | D:4      | Killed a black bear
  2592 | D:4      | Reached skill level 4 in Stealth
  2592 | D:4      | Reached skill level 1 in Poison Magic
  2592 | D:4      | Reached XP level 7. HP: 31/35 MP: 11/14
  2827 | D:4      | Reached skill level 1 in Transmutations
  2827 | D:4      | Reached skill level 1 in Fire Magic
  2916 | D:4      | Noticed Natasha
  2931 | D:4      | Killed Natasha
  3116 | D:4      | Noticed Natasha
  3125 | D:4      | Killed Natasha
  3141 | D:4      | Noticed Natasha
  3174 | D:4      | Killed Natasha
  3290 | D:5      | Entered Level 5 of the Dungeon
  3300 | D:5      | Found an ancient bone altar of Kikubaaqudgha.
  3535 | D:5      | Found a sparkling altar of Nemelex Xobeh.
  3656 | D:5      | Noticed Dowan
  3658 | D:5      | Noticed Duvessa
  3664 | D:5      | Reached skill level 2 in Transmutations
  3664 | D:5      | Reached skill level 2 in Fire Magic
  3664 | D:5      | Reached skill level 2 in Poison Magic
  3664 | D:5      | Gained mutation: You have razor-sharp teeth. [Vine Stalker
                  | growth]
  3664 | D:5      | Reached XP level 8. HP: 36/39 MP: 16/16
  3672 | D:5      | Killed Duvessa
  3673 | D:5      | Reached skill level 6 in Summonings
  3677 | D:5      | Killed Dowan
  3732 | D:5      | Reached skill level 1 in Short Blades
  3732 | D:5      | Reached skill level 1 in Shields
  3851 | D:5      | Reached skill level 5 in Spellcasting
  4298 | D:6      | Reached skill level 3 in Transmutations
  4298 | D:6      | Reached skill level 3 in Poison Magic
  4348 | D:6      | Reached skill level 2 in Short Blades
  4348 | D:6      | Reached skill level 3 in Fire Magic
  4413 | D:6      | Reached XP level 9. HP: 43/43 MP: 18/18
  4419 | D:6      | Learned a level 3 spell: Stone Arrow
  4581 | D:6      | Found an opulent altar of Gozag.
  4646 | D:6      | Noticed a two-headed ogre
  4651 | D:6      | HP: 2/43 [two-headed ogre/+0 giant club (19)]
  4652 | D:6      | Killed a two-headed ogre
  4653 | D:6      | Reached skill level 3 in Fighting
  4653 | D:6      | Reached skill level 5 in Stealth
  4653 | D:6      | Reached skill level 1 in Conjurations
  4653 | D:6      | Reached skill level 1 in Earth Magic
  4956 | D:7      | Reached skill level 2 in Shields
  5063 | D:7      | Reached skill level 4 in Poison Magic
  5107 | D:7      | Reached skill level 3 in Short Blades
  5107 | D:7      | Reached skill level 4 in Transmutations
  5170 | D:7      | Reached skill level 6 in Spellcasting
  5170 | D:7      | Reached skill level 2 in Conjurations
  5170 | D:7      | Reached skill level 2 in Earth Magic
  5359 | D:7      | Found a staircase to the Ecumenical Temple.
  5365 | D:7      | Reached skill level 7 in Summonings
  5365 | D:7      | Reached XP level 10. HP: 49/49 MP: 20/20
  5369 | Temple   | Entered the Ecumenical Temple
  5675 | D:7      | Reached skill level 4 in Fire Magic
  5676 | D:7      | Found a shadowy altar of Dithmenos.
  5929 | D:7      | Found Korch's Tiny Tomes.
  5934 | D:7      | Bought the Book of Salt for 144 gold pieces
  5940 | D:7      | Learned a level 5 spell: Summon Forest
  6301 | D:8      | Noticed Joseph
  6306 | D:8      | Killed Joseph
  6373 | D:8      | Reached skill level 1 in Evocations
  6386 | D:8      | Reached skill level 1 in Translocations
  6487 | D:8      | Found a stormy altar of Qazlal.
  6598 | D:8      | Found a basalt altar of Yredelemnul.
  6629 | D:8      | Noticed Maurice
  6647 | D:8      | Maurice stole a staff of fire
  6649 | D:8      | Maurice stole a flux talisman
  6651 | D:8      | Killed Maurice
  6652 | D:8      | Reached skill level 3 in Conjurations
  6995 | D:8      | Reached skill level 3 in Earth Magic
  7067 | D:8      | Reached skill level 2 in Translocations
  7292 | D:9      | Noticed a two-headed ogre
  7337 | D:9      | Killed a two-headed ogre
  7461 | D:9      | Found Lif Wifunku's Neck Hole.
  7493 | D:9      | Found a radiant altar of Vehumet.
  7504 | D:9      | Reached skill level 4 in Short Blades
  7504 | D:9      | Reached XP level 11. HP: 53/53 MP: 22/22
  7505 | D:9      | Became a worshipper of Vehumet
  7591 | D:9      | Reached skill level 5 in Transmutations
  7617 | D:9      | Learned a level 5 spell: Lee's Rapid Deconstruction
  7941 | D:10     | Entered Level 10 of the Dungeon
  7955 | D:10     | Reached skill level 6 in Stealth
  7972 | D:10     | Reached skill level 5 in Poison Magic
  8387 | D:10     | Reached skill level 3 in Translocations
  8461 | D:10     | Reached skill level 5 in Fire Magic
  8467 | D:10     | Reached * piety under Vehumet
  8467 | D:10     | Offered knowledge of Magic Dart by Vehumet.
  8468 | D:10     | Reached skill level 7 in Spellcasting
  8607 | D:10     | Noticed a deep elf pyromancer
  8609 | D:10     | Killed a deep elf pyromancer
  8694 | D:10     | Reached skill level 4 in Conjurations
  8745 | D:10     | Found a staircase to the Orcish Mines.
  8795 | D:10     | Offered knowledge of Searing Ray by Vehumet.
  8800 | D:10     | Reached ** piety under Vehumet
  9074 | D:10     | Found a glowing golden altar of the Shining One.
  9265 | D:11     | Reached skill level 4 in Fighting
  9265 | D:11     | Reached skill level 3 in Shields
  9343 | D:11     | Learned a level 2 spell: Blink
  9437 | D:11     | Reached skill level 2 in Evocations
  9595 | D:11     | Noticed a cyclops
  9603 | D:11     | Killed a cyclops
  9607 | D:11     | Reached skill level 4 in Earth Magic
  9751 | D:11     | Found a staircase to the Lair.
  9891 | D:11     | Reached skill level 8 in Summonings
  9937 | D:11     | Noticed a two-headed ogre
  9943 | D:11     | Killed a two-headed ogre
  9944 | D:11     | Reached XP level 12. HP: 44/58 MP: 24/24
 10267 | D:11     | Reached skill level 5 in Short Blades
 10347 | D:11     | Offered knowledge of Static Discharge by Vehumet.
 10571 | D:12     | Reached skill level 4 in Translocations
 10777 | D:12     | Noticed a two-headed ogre
 10792 | D:12     | Reached skill level 6 in Poison Magic
 10794 | D:12     | Killed a two-headed ogre
 10815 | D:12     | Reached skill level 5 in Conjurations
 10879 | D:12     | Reached skill level 6 in Transmutations
 10884 | D:12     | Reached *** piety under Vehumet
 11505 | Lair:1   | Entered Level 1 of the Lair of Beasts
 11554 | Lair:1   | Reached skill level 6 in Fire Magic
 11664 | Lair:1   | Offered knowledge of Flame Wave by Vehumet.
 11683 | Lair:1   | Reached skill level 8 in Spellcasting
 11929 | Lair:1   | Reached skill level 5 in Earth Magic
 12417 | Lair:2   | Reached skill level 7 in Stealth
 12427 | Lair:2   | Reached XP level 13. HP: 58/63 MP: 26/26
 12466 | Lair:2   | Found a dark tunnel.
 12480 | Volcano  | Entered a volcano
 12499 | Volcano  | Reached **** piety under Vehumet
 12524 | Volcano  | Reached skill level 5 in Translocations
 12524 | Volcano  | Noticed a stone giant
 12533 | Volcano  | Hit by a large rock thrown by a stone giant

Vanquished Creatures
  4 two-headed ogres
  A deep elf pyromancer (D:10)
  3 cyclopes
  An ugly thing (D:12)
  A manticore (D:12)
  Maurice (D:8)
  A black mamba (Lair:2)
  Joseph (D:8)
  A gargoyle (Volcano)
  2 cane toads
  4 komodo dragons
  An unseen horror (D:10)
  A kobold demonologist (D:10)
  2 trolls (D:12)
  A hornet (D:10)
  2 polar bears (Lair:1)
  5 blink frogs (Lair:1)
  5 slime creatures (D:12)
  2 vampires
  A wyvern (D:11)
  2 wraiths
  4 basilisks
  19 yaks
  6 water moccasins
  5 orc warriors
  Duvessa (D:5)
  A sky beast (D:7)
  3 ice beasts
  3 black bears
  3 ogres
  2 centaurs
  A phantom (D:5)
  4 bullfrogs
  A kobold brigand (D:9)
  A gnoll sergeant (D:11)
  An earth elemental (Volcano)
  A wyvern zombie (D:7)
  2 scorpions
  20 wights
  Dowan (D:5)
  9 killer bees
  An electric eel (D:10)
  2 howler monkeys
  2 sleepcaps
  A gnoll bouda (D:10)
  12 orc priests
  4 hounds
  3 jellies
  5 iguanas
  14 orc wizards
  Terence (D:2)
  7 hell rats (Lair:1)
  Natasha (thrice) (D:4)
  2 killer bee zombies (D:7)
  8 gnolls
  3 adders
  A white imp (D:8)
  2 ufetubi (D:6)
  2 worms
  A dart slug (D:3)
  50 orcs
  3 ball pythons
  4 bats
  8 endoplasms (D:2)
  4 giant cockroaches
  A goblin (D:3)
  5 hobgoblins
  9 jackals
  A quokka (D:3)
  4 frilled lizards
  17 kobolds
  4 rats
314 creatures vanquished.

Vanquished Creatures (collateral kills)
  2 cane toads (Lair:1)
  A shadow (D:10)
  Sigmund (D:2)
  A nameless horror (Lair:1)
  6 yaks
  9 killer bees
  A jelly (D:2)
  An orc wizard (D:11)
  An orc (D:11)
  2 endoplasms (D:2)
  A goblin (D:4)
  8 kobolds (D:2)
34 creatures vanquished.

Vanquished Creatures (others)
  A cane toad (Lair:1)
  A killer bee (D:11)
2 creatures vanquished.

Grand Total: 350 creatures vanquished

Table legend: (Time is in decaauts)
 A = Elapsed time spent in this place.
 B = Non-inter-level travel time spent in this place.
 C = Inter-level travel time spent in this place.
 D = Time resting spent in this place.
 E = Time spent auto-exploring this place.
 F = Levels seen in this place.
 G = Mean time per level.
                   A        B        C        D        E       F      G
               +--------+--------+--------+--------+--------+-----+--------+
         Total |  12562 |  12207 |    355 |    443 |   8983 |  16 |  785.1 |
       Dungeon |  11555 |  11230 |    325 |    351 |   8472 |  12 |  962.9 |
        Temple |      1 |      1 |      0 |      0 |      0 |   1 |    1.0 |
          Lair |    952 |    922 |     30 |     92 |    511 |   2 |  476.0 |
       Volcano |     52 |     52 |      0 |      0 |      0 |   1 |   52.0 |
               +--------+--------+--------+--------+--------+-----+--------+

Top non-repeatable levels by time:
     D:2: 1430 daAuts
    D:11: 1352 daAuts
     D:7: 1332 daAuts
    D:10: 1286 daAuts
     D:8: 1070 daAuts
     D:5: 948 daAuts
    D:12: 909 daAuts
  Lair:1: 857 daAuts
     D:4: 714 daAuts
     D:6: 689 daAuts
     D:3: 689 daAuts
     D:9: 609 daAuts
     D:1: 522 daAuts
  Lair:2: 94 daAuts
 Volcano: 52 daAuts

Table legend:
 A = Non-vault XP
 B = Vault XP
 C = Vault XP percentage of total XP
 D = Non-vault monster count
 E = Vault monster count
 F = Vault count percentage of total count
                 A         B        C        D         E       F
            +---------+---------+-------+---------+---------+-------
      Total |   27347 |    5684 |  17.2 |     260 |      87 |  25.1
            +---------+---------+-------+---------+---------+-------
        D:1 |      17 |       0 |   0.0 |      10 |       0 |   0.0
        D:2 |      42 |     360 |  89.6 |      17 |      21 |  55.3
        D:3 |      80 |       0 |   0.0 |      18 |       0 |   0.0
        D:4 |     414 |      35 |   7.8 |      19 |       1 |   5.0
        D:5 |     765 |     202 |  20.9 |      12 |       2 |  14.3
        D:6 |    1582 |      46 |   2.8 |      11 |       2 |  15.4
        D:7 |    1110 |     437 |  28.2 |      13 |       7 |  35.0
        D:8 |    2190 |     941 |  30.1 |      23 |       2 |   8.0
        D:9 |    1312 |       0 |   0.0 |      18 |       0 |   0.0
       D:10 |    3034 |    1225 |  28.8 |      28 |      36 |  56.2
       D:11 |    4937 |     787 |  13.7 |      45 |       4 |   8.2
       D:12 |    5584 |       0 |   0.0 |      20 |       0 |   0.0
     Lair:1 |    5068 |    1143 |  18.4 |      22 |      10 |  31.2
     Lair:2 |    1212 |       0 |   0.0 |       4 |       0 |   0.0
    Volcano |       0 |     508 | 100.0 |       0 |       2 | 100.0
            +---------+---------+-------+---------+---------+-------
